Map: Torres Crepusculares

Players

llllllllllll

  • Race: Zerg Zerg
  • League: Master

TheZergLord - Winner!

  • Race: Zerg Zerg
  • League: Master

VOD

Have the link to the VOD?

Description

Time

  • Played on: April 26, 2016, 1:07 p.m.
  • Length: 9:10
Show
View Real Time Build Order
Export as new Build Order

llllllllllll Zerg 

Build Orders: Pool First 

Get SALT Encoding   

  12  0:00  Drone  
  13  0:09  Extractor  
  12  0:24  Spawning Pool  
  11  0:30  Drone  
  12  0:36  Drone  
  13  0:47  Overlord  
  13  1:11  Zergling x6  
  16  1:14  Metabolic Boost  
  16  1:22  Zergling x2  
  17  1:32  Zergling x2  
  18  1:42  Queen  
  18  1:43  Zergling x2  
  21  1:54  Zergling x2  
  22  2:04  Overlord  
  22  2:23  Zergling x2  
  23  2:37  Spine Crawler  
  23  2:38  Zergling x2  
  23  2:39  Zergling x2  
  21  3:03  Zergling x2  
  20  3:39  Zergling x4  
  20  3:48  Zergling x2  
  21  4:01  Overlord x2  
  19  4:08  Hatchery  
  16  4:11  Zergling x2  
  16  4:12  Queen  
  16  4:15  Zergling x2  
  20  4:37  Zergling x4  
  22  4:48  Zergling x2  
  18  5:00  Zergling x2  
  19  5:11  Zergling x2  
  20  5:20  Hatchery  
  19  5:23  Zergling x2  
  19  5:24  Zergling x6  
  19  5:26  Queen  
  25  5:34  Zergling x2  
  25  5:35  Zergling x2  
  27  5:40  Roach Warren  
  27  5:42  Drone  
  27  5:45  Drone  
  27  6:09  Drone x3  
  27  6:10  Drone x3  
  33  6:22  Drone  
  33  6:24  Drone  
  35  6:37  Drone  
  35  6:38  Drone x3  
  39  6:48  Drone  
  39  6:49  Drone  
  41  6:55  Lair  
  41  7:00  Drone x2  
  43  7:04  Drone  
  43  7:05  Drone  
  45  7:08  Zergling x2  
  45  7:10  Zergling x2  
  47  7:21  Roach  
  49  7:24  Overlord x2  
  46  7:41  Zergling x2  
  46  7:42  Zergling x16  
  46  7:43  Zergling x2  
  47  7:50  Ravager  
  48  7:55  Roach  
  48  7:56  Roach x3  
  56  8:08  Overseer  
  56  8:11  Drone x2  
  58  8:14  Extractor, Drone x4  
  58  8:15  Extractor, Drone  
  58  8:16  Drone  
  62  8:20  Overlord  
  62  8:31  Overlord  
  62  8:32  Overlord  
  62  8:40  Drone x4  
  66  8:51  Drone  
  66  8:52  Drone x8  
Show
View Real Time Build Order
Export as new Build Order

TheZergLord Zerg - Winner!

Build Orders: Pool First, Zergling Baneling 

Get SALT Encoding   

  12  0:01  Drone  
  13  0:08  Drone  
  14  0:19  Extractor, Drone  
  14  0:32  Spawning Pool  
  13  0:36  Drone  
  14  0:45  Extractor  
  14  0:46  Drone  
  15  0:52  Overlord  
  15  1:12  Drone x2  
  17  1:19  Queen  
  17  1:21  Metabolic Boost  
  19  1:26  Zergling x2  
  19  1:30  Zergling x2  
  21  1:35  Zergling x2  
  22  1:42  Baneling Nest  
  21  1:53  Overlord  
  21  1:59  Zergling x2  
  22  2:14  Zergling x2  
  22  2:27  Baneling x2  
  22  2:31  Hatchery  
  22  2:34  Baneling x2  
  21  2:43  Baneling x2  
  20  2:51  Zergling x8  
  23  2:58  Baneling  
  22  3:10  Baneling  
  22  3:11  Baneling  
  20  3:24  Zergling x6  
  19  3:36  Zergling x2  
  19  3:39  Queen  
  21  3:52  Queen  
  23  3:56  Baneling x2  
  23  3:59  Zergling x6  
  22  4:14  Drone x2  
  24  4:23  Overlord  
  24  4:28  Drone  
  23  4:41  Drone  
  23  4:42  Drone x3  
  27  4:56  Baneling  
  27  4:57  Baneling  
  26  5:09  Queen x2  
  26  5:11  Zergling x6  
  26  5:13  Baneling  
  33  5:15  Baneling  
  33  5:26  Drone x2  
  35  5:34  Overlord  
  35  5:51  Overlord  
  35  5:56  Drone x8  
  43  6:10  Drone x2  
  43  6:11  Drone x2  
  46  6:17  Hatchery  
  45  6:25  Roach Warren  
  44  6:27  Extractor  
  43  6:36  Zergling x2  
  43  6:37  Zergling x10  
  49  6:43  Overlord  
  49  6:44  Drone  
  49  6:46  Drone  
  51  7:00  Overlord x2  
  51  7:02  Drone x3  
  51  7:07  Drone  
  55  7:08  Drone  
  56  7:18  Overlord x2  
  56  7:21  Roach x2  
  53  7:51  Roach x11  
  74  8:04  Roach x4  
  74  8:05  Roach x2  
  86  8:10  Overlord  
  86  8:12  Zergling x6  
  89  8:13  Zergling x2  
  89  8:17  Zergling x2  
  89  8:19  Ravager x2  
  93  8:20  Zergling x2  
  94  8:31  Zergling x8  
  94  8:32  Zergling x10  
  103  8:39  Zergling x6  
  106  8:44  Overlord x3  
Tags
 
Add a new tag
Caveats
  • Supply blocks, unpowered buildings, or Contaminate may cause inaccurate times.
  • Supply counts are checked every 10 seconds.